Map: Deathaura LE

Players

Heeebster - Winner!

  • Race: Protoss Protoss
  • League: Diamond
  • Spawn Location: 5:00

BrokenLatex

  • Race: Terran Terran
  • League: Master
  • Spawn Location: 11:00

VOD

Have the link to the VOD?

Description

Time

  • Played on: Nov. 16, 2020, 12:51 p.m.
  • Length: 7:03
Show
View Real Time Build Order
Export as new Build Order

Heeebster Protoss - Winner!

Build Orders: Oracle Opening 

Get SALT Encoding   

  12  0:01  Probe  
  13  0:14  Probe  
  14  0:17  Pylon  
  14  0:26  Probe  
  15  0:35  Gateway  
  15  0:38  Probe (Chrono Boost)  
  16  0:47  Assimilator  
  16  0:48  Probe (Chrono Boost)  
  17  0:53  Probe (Chrono Boost)  
  18  0:57  Assimilator  
  18  1:04  Probe  
  19  1:16  Probe  
  20  1:27  Cybernetics Core  
  20  1:38  Pylon  
  20  1:39  Probe  
  21  1:51  Probe  
  22  2:04  Stalker (Chrono Boost)  
  22  2:05  Warp Gate  
  24  2:12  Probe  
  25  2:22  Stargate  
  25  2:27  Probe  
  26  2:30  Pylon  
  26  2:32  Stalker  
  28  3:03  Oracle (Chrono Boost)  
  31  3:09  Gateway  
  31  3:12  Gateway  
  31  3:13  Gateway  
  31  3:17  Pylon  
  31  3:30  Oracle (Chrono Boost)  
  34  3:38  Pylon  
  34  3:54  Void Ray  
  38  4:03  Stalker  
  40  4:10  Zealot x3  
  43  4:36  Stalker x2  
  43  4:37  Stalker  
  45  4:41  Stalker  
  47  4:49  Pylon  
  43  5:16  Stalker x3  
  43  5:29  Stalker  
  45  5:41  Void Ray (Chrono Boost)  
  45  6:13  Zealot x4  
  45  6:16  Void Ray (Chrono Boost)  
  55  6:36  Zealot x4  
Show
View Real Time Build Order
Export as new Build Order

BrokenLatex Terran 

Build Orders:  

Get SALT Encoding   

  12  0:00  SCV  
  13  0:12  SCV  
  14  0:17  Supply Depot  
  14  0:24  SCV  
  15  0:29  Refinery  
  15  0:39  SCV  
  16  0:45  Barracks  
  16  0:51  SCV  
  17  1:03  SCV  
  18  1:15  SCV  
  19  1:35  Barracks Tech Lab  
  19  1:37  Orbital Command  
  19  1:44  Command Center  
  19  1:51  Supply Depot  
  19  1:54  Marine  
  20  2:03  SCV  
  20  2:05  Combat Shield  
  21  2:12  Marine  
  22  2:18  SCV  
  22  2:21  Refinery  
  23  2:25  Engineering Bay  
  23  2:30  Marine, SCV  
  25  2:42  SCV  
  26  2:47  Marine  
  27  2:54  SCV, Terran Infantry Weapons Level 1  
  27  2:55  Barracks  
  28  3:04  Orbital Command  
  28  3:05  Marine  
  28  3:08  SCV  
  30  3:15  Bunker  
  30  3:23  Marine  
  30  3:26  Stimpack  
  31  3:32  Factory  
  31  3:34  SCV  
  31  3:37  SCV  
  31  3:41  Marine  
  30  3:56  Barracks Reactor  
  30  3:57  SCV  
  30  3:59  Missile Turret  
  30  4:00  Missile Turret  
  31  4:03  SCV  
  31  4:07  Marine  
  34  4:10  SCV  
  34  4:16  SCV  
  32  4:22  SCV  
  33  4:25  Marine  
  33  4:28  SCV  
  33  4:34  SCV, Marine  
  33  4:35  Marine  
  32  4:39  Bunker  
  32  4:40  SCV  
  32  4:42  Widow Mine  
  32  4:43  Marine  
  35  4:46  SCV  
  35  4:48  Missile Turret  
  34  5:02  Marine x2, Marauder  
  22  5:23  Marine  
  22  5:24  Marauder  
  17  5:50  SCV  
  18  5:57  Marine  
  18  6:04  Concussive Shells  
  17  6:19  Marine x2, Marauder  
  17  6:22  SCV  
  20  6:30  SCV  
  20  6:46  SCV x2  
Tags
 
Matchup
PvT
Replay Pack
Replays
Spawn Locations
Cross Positions
Add a new tag
Caveats
  • Supply blocks, unpowered buildings, or Contaminate may cause inaccurate times.
  • Supply counts are checked every 10 seconds.